 Dungeon Crawl Stone Soup version 0.17-a0-2208-ge5ab1d3 (webtiles) character file.

6388 Duffy the Cruncher (level 10, 0/56 HPs)
             Began as a Vine Stalker Monk on Oct 27, 2015.
             Was an Elder of Makhleb.
             Succumbed to a queen bee's poison
             ... on level 9 of the Dungeon.
             The game lasted 00:13:38 (8213 turns).

Duffy the Cruncher (Vine Stalker Monk)              Turns: 8213, Time: 00:13:39

Health: 0/56       AC: 10    Str: 17    XL:     10   Next: 97%
Magic:  10/13      EV: 14    Int: 10    God:    Makhleb [****..]
Gold:   274        SH:  0    Dex: 17    Spells: 0 memorised, 9 levels left

rFire  + . .     SeeInvis .     n - +3 quarterstaff (chaos)
rCold  . . .     Clarity  .     y - +0 scale mail {rF+}
rNeg   + . .     SustAt   .     (no shield)
rPois  .         Gourm    +     (no helmet)
rElec  .         Spirit   +     u - +0 cloak
rCorr  .         Warding  .     O - +0 pair of gloves
rMut   .         Stasis   .     B - +0 pair of boots
MR     +....                    j - amulet of the gourmand
Stlth  +.........               R - +1 ring of evasion
                                h - ring of positive energy

@: lethally poisoned (0 -> -15), somewhat resistant to hostile enchantments,
very unstealthy
A: fangs 3, regeneration 2, magic shield, antimagic bite, no device heal 3, rot
immunity
a: Minor Destruction, Lesser Servant of Makhleb, Major Destruction, Renounce
Religion


You were on level 9 of the Dungeon.
You worshipped Makhleb.
Makhleb was greatly pleased with you.
You were very hungry.

You visited 2 branches of the dungeon, and saw 10 of its levels.

You collected 334 gold pieces.
You spent 60 gold pieces at shops.


Innate Abilities, Weirdness & Mutations

You have razor-sharp teeth.
You heal very quickly.
When hurt, damage is shared between your health and your magic reserves.
Your bite disrupts and absorbs the magic of your enemies.
Potions and wands cannot restore your health.
You are immune to rotting.


   Skills:
 - Level 8.0 Fighting
 + Level 9.8 Staves
 - Level 4.0 Armour
 + Level 6.0 Dodging
 - Level 2.4 Stealth
 - Level 4.0 Unarmed Combat
 + Level 3.6 Invocations


You had 9 spell levels left.
You didn't know any spells.

Inventory:

Hand Weapons
 m - a +0 blowgun
 n - a +3 quarterstaff of chaos (weapon)
Missiles
 v - 9 curare-tipped needles
 H - 4 silver javelins (quivered)
 K - 2 throwing nets
Armour
 u - a +0 cloak (worn)
 x - a +0 chain mail
 y - a +0 scale mail of fire resistance (worn)
 B - a +0 pair of boots (worn)
 N - a +0 plate armour
 O - a +0 pair of gloves (worn)
Jewellery
 h - a ring of positive energy (left hand)
 j - an amulet of the gourmand (around neck)
 k - an uncursed ring of flight
 D - an uncursed ring of fire
 M - an uncursed ring of positive energy
 R - a +1 ring of evasion (right hand)
Wands
 E - a wand of paralysis (14)
 I - a wand of cold (3)
Scrolls
 c - 4 scrolls of recharging
 p - a scroll of magic mapping {unknown}
 q - 2 scrolls of blinking {unknown}
 r - 2 scrolls of enchant weapon {unknown}
 s - a scroll of teleportation {unknown}
 w - 4 scrolls of fear
 A - 2 scrolls of fog {unknown}
 C - 2 scrolls of remove curse
 L - a scroll of enchant armour {unknown}
 P - 2 scrolls of noise {unknown}
Potions
 a - 2 potions of haste {unknown}
 e - 3 potions of curing
 i - 2 potions of resistance {unknown}
 l - a potion of degeneration {unknown}
 o - a potion of brilliance {unknown}
 t - 3 potions of berserk rage {unknown}
 z - a potion of poison {unknown}
 F - a potion of cure mutation {unknown}
 G - 2 potions of lignification {unknown}
 J - 2 potions of might
 Q - 2 potions of agility {unknown}
 S - a potion of ambrosia {unknown}
Comestibles
 b - 6 bread rations
 d - 7 fruits
 f - 5 beef jerkies
 g - 4 meat rations

Dungeon Overview and Level Annotations

Branches:
Dungeon (9/15)             Temple (1/1) D:5            Lair (0/8) D:8
    Orc: D:9-12

Altars:
Ashenzari
Cheibriados
Dithmenos
Elyvilon
Fedhas
Gozag
Kikubaaqudgha
Makhleb
Nemelex Xobeh
Okawaru
Qazlal
Ru
Sif Muna
Trog
Vehumet
Xom
Yredelemnul
Zin
The Shining One

Shops:
D:5 !:

Annotations:
D:4 Natasha


Message History

You feel invigorated.
The queen bee is moderately wounded.
You feel sick. The queen bee closely misses you.
You sock the queen bee!
There is a sudden explosion of sparks!
You bite the queen bee, but do no damage.
The queen bee is almost dead.
The queen bee completely misses you.
You closely miss the queen bee.
The queen bee is almost dead.
You feel sick.
You closely miss the queen bee.
The queen bee is almost dead.
You feel sick. The queen bee misses you.
Your scale mail prevents you from hitting the queen bee.
You bite the queen bee, but do no damage.
The queen bee is almost dead.
You feel sick. The queen bee stings you.
You are lethally poisoned!
The queen bee poisons you!
You hit the queen bee.
You bite the queen bee, but do no damage.
The queen bee is almost dead.
You feel sick. The queen bee completely misses you.
You barely miss the queen bee.
The queen bee is almost dead.
You feel very sick. The queen bee misses you.
You hit the queen bee but do no damage.
You bite the queen bee, but do no damage.
The queen bee is almost dead.
You feel sick.
You hit the queen bee but do no damage. You bite the queen bee.
You drain its power.
You feel invigorated.
The queen bee is almost dead.
You die...

..# #.....## ..#
#.....#...
..####.....#..y
...........#yyy
...........#yyy
...........# yy
...........###. ####
............##†##..#
............##.y@..#
............#####..#
............# #..#
............# #..#
.......###..#####..#
.......# #.........#
.......# #.........#
.......# #.........#
.......# #.........#


You could see a queen bee.

Action                   |  1- 3 |  4- 6 |  7- 9 | 10-12 || total
-------------------------+-------+-------+-------+-------++-------
Melee: Unarmed           |    92 |    32 |       |       ||   124
       Quarterstaff      |       |    66 |   336 |   236 ||   638
 Fire: Blowgun           |       |     2 |       |       ||     2
  Use: Scroll            |       |       |     4 |     1 ||     5
       Potion            |       |       |       |     2 ||     2
 Stab: Sleeping          |     5 |     1 |       |       ||     6
       Confused          |       |     1 |     1 |     1 ||     3
       Paralysed         |       |       |     3 |     1 ||     4
       Petrifying        |       |       |     1 |     1 ||     2
  Eat: Chunk             |       |    12 |     8 |     3 ||    23

Notes
Turn   | Place    | Note
--------------------------------------------------------------
     0 | D:1      | Duffy the Vine Stalker Monk began the quest for the Orb.
     0 | D:1      | Reached XP level 1. HP: 11/11 MP: 2/2
   125 | D:1      | Reached skill level 3 in Fighting
   179 | D:1      | Reached XP level 2. HP: 16/16 MP: 3/3
   535 | D:1      | Reached XP level 3. HP: 19/21 MP: 4/4
   803 | D:2      | Reached skill level 4 in Fighting
   990 | D:2      | Found an iron altar of Okawaru.
  1042 | D:2      | Reached XP level 4. HP: 26/26 MP: 5/5
  1381 | D:3      | Noticed Grinder
  1676 | D:3      | Noticed Crazy Yiuf
  1680 | D:3      | Killed Crazy Yiuf
  1794 | D:3      | Reached skill level 5 in Fighting
  1794 | D:3      | Reached XP level 5. HP: 24/30 MP: 6/6
  1838 | D:3      | Reached skill level 1 in Staves
  1957 | D:3      | Noticed Terence
  1966 | D:3      | Killed Terence
  2317 | D:3      | Paralysed by something for 4 turns
  2327 | D:3      | Killed Grinder
  2327 | D:3      | Reached skill level 2 in Staves
  2327 | D:3      | Gained mutation: You heal very quickly. [Vine Stalker growth]
  2327 | D:3      | Reached XP level 6. HP: 3/36 MP: 1/7
  2406 | D:3      | Found a bloodstained altar of Trog.
  2409 | D:3      | Found a glowing golden altar of the Shining One.
  2450 | D:3      | Reached skill level 6 in Fighting
  2450 | D:3      | Reached skill level 3 in Staves
  2670 | D:3      | Reached XP level 7. HP: 32/40 MP: 8/8
  2825 | D:4      | Noticed Eustachio
  2845 | D:4      | Killed Eustachio
  2922 | D:4      | Noticed Natasha
  2933 | D:4      | Killed Natasha
  2970 | D:4      | Noticed Sigmund
  2979 | D:4      | Killed Sigmund
  2979 | D:4      | Reached skill level 4 in Staves
  3122 | D:4      | Noticed Pikel
  3128 | D:4      | Gained mutation: You have razor-sharp teeth. [Vine Stalker growth]
  3128 | D:4      | Reached XP level 8. HP: 45/45 MP: 9/9
  3170 | D:4      | Killed Pikel
  3170 | D:4      | Reached skill level 7 in Fighting
  3170 | D:4      | Reached skill level 5 in Staves
  3395 | D:4      | Found a sacrificial altar of Ru.
  3395 | D:4      | Found a white marble altar of Elyvilon.
  3670 | D:4      | Reached skill level 8 in Fighting
  3670 | D:4      | Reached skill level 6 in Staves
  3905 | D:4      | Killed Natasha
  4136 | D:5      | Entered Level 5 of the Dungeon
  4156 | D:5      | Found Tailie Naps's Distillery.
  4159 | D:4      | Noticed Natasha
  4170 | D:5      | Bought a potion of might for 60 gold pieces
  4202 | D:5      | Found a staircase to the Ecumenical Temple.
  4210 | Temple   | Entered the Ecumenical Temple
  4524 | D:5      | Found Ynwa's Book Emporium.
  4544 | D:5      | Reached skill level 1 in Armour
  4544 | D:5      | Reached XP level 9. HP: 45/51 MP: 10/10
  4582 | D:5      | Reached skill level 3 in Dodging
  4973 | D:6      | Found a burning altar of Makhleb.
  4989 | D:6      | Became a worshipper of Makhleb the Destroyer
  4989 | D:6      | Reached * piety under Makhleb
  4989 | D:6      | Reached ** piety under Makhleb
  5099 | D:6      | Reached skill level 7 in Staves
  5163 | D:6      | Found a deep blue altar of Sif Muna.
  5294 | D:6      | Found a sparkling altar of Nemelex Xobeh.
  5656 | D:6      | Reached skill level 2 in Armour
  5856 | D:7      | Found a stormy altar of Qazlal.
  6200 | D:7      | Found a shimmering altar of Xom.
  6331 | D:7      | Found a blossoming altar of Fedhas.
  6405 | D:7      | Reached skill level 3 in Armour
  6418 | D:7      | Reached skill level 8 in Staves
  6434 | D:7      | Reached skill level 4 in Dodging
  6436 | D:7      | Reached *** piety under Makhleb
  6672 | D:7      | Reached XP level 10. HP: 46/56 MP: 8/11
  6891 | D:8      | Found a staircase to the Lair.
  6891 | D:8      | Noticed an elephant
  6928 | D:8      | Killed an elephant
  6928 | D:8      | Reached skill level 9 in Staves
  6928 | D:8      | Reached skill level 4 in Armour
  7354 | D:8      | Reached skill level 5 in Dodging
  7354 | D:8      | Reached skill level 1 in Invocations
  7403 | D:8      | Reached skill level 2 in Invocations
  7695 | D:9      | Found an opulent altar of Gozag.
  7695 | D:9      | Found a glowing silver altar of Zin.
  7925 | D:9      | Reached **** piety under Makhleb
  7997 | D:9      | Reached skill level 3 in Invocations
  8148 | D:9      | Reached skill level 6 in Dodging
  8213 | D:9      | Succumbed to a queen bee's poison

Vault maps used:
D:1:      kilobyte_arrival_exit_the_forest, nrook_loot_triangle
D:2:      first_bread, okawaru_trees_2
D:3:      minitemple, minmay_curled_crystal, uniq_grinder, uniq_terence,
          uniq_crazy_yiuf_cottage
D:4:      gammafunk_temple_overflow_elements, minmay_misc_feat_room,
          hangedman_decor_opposing, hangedman_decor_points, uniq_natasha,
          uniq_sigmund, uniq_pikel, uniq_eustachio
D:5:      temple_green, serial_shops, shop, shop
D:6:      kennysheep_orc_sif_temple, nemelex_xobeh_ov_fountains_minmay,
          makhleb_blood_cavern_becter
D:7:      tgw_xom, nicolae_qazlal_general_emergency, fedhas_altar_decomposition
D:8:      david_lair_generic
D:9:      grunt_temple_overflow_gold_and_silver, special_room, the_bakery,
          minmay_crystal_water
Temple:   hc_temple_tempest_star

Vanquished Creatures
  Pikel
  An elephant Grinder
  A two-headed ogre Sigmund
  5 yaks
  A wyvern Eustachio
  2 water moccasins
  5 ogres
  An ice beast
  A slave
  2 orc warriors
  3 centaurs
  A sky beast
  2 phantoms
  5 necrophages
  A centaur (shapeshifter)
  A big kobold
  A scorpion
  18 killer bees
  A quasit
  A jelly
  2 hounds Crazy Yiuf
  A centaur skeleton
  4 orc priests Terence
  6 orc wizards
  Natasha (twice)
  3 iguanas
  6 worker ants
  A killer bee zombie
  2 sheep
  2 hound zombies
  2 hound skeletons
  3 worker ant zombies
  8 adders
  12 gnolls
  A shadow imp
  3 oozes
  3 adder skeletons
  4 worms
  2 giant geckos
  24 orcs
  2 ball pythons
  3 giant cockroaches
  8 goblins
  5 hobgoblins
  6 jackals
  7 quokkas
  7 bats
  2 giant newts
  11 kobolds
  A quokka skeleton
  6 rats
  2 bushes
  7 plants
217 creatures vanquished.
